 Dungeon Sprint DCSS version 0.31-a0-1-g4198be8af4 (webtiles) character file.

Game seed: 2974392793419380158

794 fozzywoppz the Covert (level 7, -4/82 HPs)
             Began as an Octopode Brigand on May 1, 2023.
             Was a Follower of Okawaru.
             Killed from afar by a bog body (37 damage)
             ... with a bolt of cold
             ... in the Dungeon (Sprint VII: "The Pits").
             The game lasted 00:03:34 (422 turns).

fozzywoppz the Covert (Octopode Brigand)             Turns: 422, Time: 00:03:35

Health: -4/82      AC:  1    Str: 13    XL:     7   Next: 89%
Magic:  11/11      EV: 16    Int: 13    God:    Okawaru [*.....]
Gold:   0          SH:  0    Dex: 13    Spells: 6/6 levels left

rFire   . . .        n - +1 dagger (drain)
rCold   . . .        (no shield)
rNeg    . . .        (helmet restricted)
rPois   .            (no amulet)
rElec   .            (no ring)
rCorr   .            (no ring)
SInv    .            (no ring)
Will    .....        (no ring) Stlth
                     (no ring)
HPRegen 0.33/turn    (no ring)
MPRegen 0.12/turn    (no ring)
                     (no ring)

%: no teleportation
@: confused, berserking, very quick
A: almost no armour, amphibious, 8 rings, camouflage 1, gelatinous body 1,
(nimble swimmer 1), tentacles
a: Renounce Religion, Heroism


You were in the Dungeon.
You worshipped Okawaru.
Okawaru was aware of your devotion.
You visited 1 branch

Inventory:

Hand Weapons
 a - a +2 dagger
 m - a +2 dagger
 n - a +1 dagger of draining (weapon)
Missiles
 b - 8 poisoned darts (quivered)
 c - 3 curare-tipped darts
Scrolls
 i - a scroll of blinking
 k - 5 scrolls of amnesia
 l - a scroll of butterflies
Potions
 d - 6 potions of curing
 e - a potion of heal wounds
 f - a potion of haste
 g - 4 potions of magic
 h - a potion of berserk rage
 j - 2 potions of invisibility


   Skills:
 + Level 8.1 Fighting
 + Level 7.8 Short Blades
 + Level 5.0 Throwing
 + Level 7.5 Dodging
 + Level 11.9 Stealth
 - Level 5.8 Invocations


You had 6 spell levels left.
You didn't know any spells.
Your spell library was empty.

Dungeon Overview and Level Annotations

Branches:
Dungeon (1/1)

Altars:
Ashenzari
Cheibriados
Dithmenos
Elyvilon
Fedhas
Gozag
Hepliaklqana
Kikubaaqudgha
Makhleb
Nemelex Xobeh
Okawaru
Qazlal
Ru
Sif Muna
Trog
Uskayaw
Vehumet
Wu Jian
Xom
Yredelemnul
Zin
The Shining One
Jiyva
Lugonu


Innate Abilities, Weirdness & Mutations

You cannot wear most types of armour.
You are amphibious.
You can wear up to eight rings at the same time.
Your skin changes colour to match your surroundings (Stealth+).
Your rubbery body absorbs attacks. (AC +1, EV +1)
((You are camouflaged when in or above water. (Stealth+)))
You have tentacles for arms and can constrict up to eight enemies at once.


Message History

* * * LOW HITPOINT WARNING * * *
You feel much better. The bog body touches you. The bog body freezes you!
* * * LOW HITPOINT WARNING * * *
Unknown command.
You feel much better.
The bog body gestures at you while chanting.
The bolt of cold misses you. The swamp drake closely misses you.
Unknown command.
A red film seems to cover your vision as you go berserk!
You feel yourself moving faster!
You feel mighty! The swamp drake closely misses you.
The bog body gestures at you while chanting.
You struggle to resist.
You barely miss the bog body. You grab the bog body.
You constrict the bog body, but do no damage.
The bog body touches you but does no damage.
The swamp drake breathes poison at you. The noxious blast misses you.
You hit the bog body. You squeeze the bog body!
The bog body is heavily damaged.
You are engulfed in noxious fumes.
You choke on the stench!
You are confused.
You constrict the bog body, but do no damage.
You hit the bog body.
The bog body is heavily damaged.
You are engulfed in noxious fumes.
You choke on the stench!
You are more confused.
You constrict the bog body.
Unknown command.
You release your grip on the bog body.
You are engulfed in noxious fumes.
You choke on the stench!
You are more confused.
You bump into the metal wall.
You feel a strong urge to attack something.
You are engulfed in noxious fumes.
You choke on the stench!
You are more confused.
The swamp drake bites you! The bog body casts a spell at you.
The bolt of cold hits you!!!
You die...

#.#........##.......#
#'###########.......#
#.......#))##########
#.......#)######
#...#...#)#h...#
#..###..#°#°...#
#...#°°°#°kn...+
#....°k°#†#....#
#....@n°'(#..n.#
########### ####


You could see a bog body and a swamp drake (catching breath).

Vanquished Creatures
  A troll (D)
  A flying skull (D)
  A floating eye (D)
  A centaur (D)
  Blork the orc (D)
  A necrophage (D)
  A hound (D)
  A gnoll bouda (D)
  An adder (D)
  3 gnolls (D)
  A river rat (D)
  An orc (D)
  2 endoplasms (D)
  A giant cockroach (D)
  A quokka (D)
  A ball python (D)
  A frilled lizard (D)
  A kobold (D)
21 creatures vanquished.

Notes
Turn   | Place    | Note
-------+----------+-------------------------------------------
     0 | D        | fozzywoppz the Octopode Brigand began the quest for the
                  | Orb.
     0 | D        | Reached XP level 1. HP: 14/14 MP: 1/1
     9 | D        | Noticed a floating eye
    12 | D        | Killed a floating eye
    13 | D        | Reached skill level 7 in Stealth
    13 | D        | Reached XP level 2. HP: 23/23 MP: 2/2
    13 | D        | Reached XP level 3. HP: 27/27 MP: 3/3
    13 | D        | Reached XP level 4. HP: 34/34 MP: 4/4
    36 | D        | Found a glowing golden altar of the Shining One.
    36 | D        | Found a glowing silver altar of Zin.
    36 | D        | Found a basalt altar of Yredelemnul.
    36 | D        | Found a shimmering altar of Xom.
    36 | D        | Found an ornate altar of the Wu Jian Council.
    36 | D        | Found a bloodstained altar of Trog.
    36 | D        | Found a shimmering blue altar of Sif Muna.
    36 | D        | Found a sacrificial altar of Ru.
    36 | D        | Found a stormy altar of Qazlal.
    36 | D        | Found an iron altar of Okawaru.
    36 | D        | Found a sparkling altar of Nemelex Xobeh.
    36 | D        | Found a burning altar of Makhleb.
    36 | D        | Found a viscous altar of Jiyva.
    36 | D        | Found a hazy altar of Hepliaklqana.
    36 | D        | Found an opulent altar of Gozag.
    36 | D        | Found a blossoming altar of Fedhas.
    36 | D        | Found a white marble altar of Elyvilon.
    36 | D        | Found a shadowy altar of Dithmenos.
    36 | D        | Found a snail-covered altar of Cheibriados.
    37 | D        | Found a radiant altar of Vehumet.
    37 | D        | Found a corrupted altar of Lugonu.
    38 | D        | Found a hide-covered altar of Uskayaw.
    38 | D        | Found an ancient bone altar of Kikubaaqudgha.
    38 | D        | Found a broken altar of Ashenzari.
    42 | D        | Became a worshipper of Warmaster Okawaru
    64 | D        | Reached skill level 8 in Stealth
    64 | D        | Reached XP level 5. HP: 38/38 MP: 5/5
    66 | D        | Noticed a centaur
    70 | D        | Killed a centaur
    71 | D        | Reached skill level 5 in Fighting
    71 | D        | Reached skill level 5 in Short Blades
    71 | D        | Reached skill level 5 in Throwing
    71 | D        | Reached skill level 5 in Dodging
    71 | D        | Reached skill level 9 in Stealth
   129 | D        | Noticed Blork the orc
   129 | D        | Noticed a flying skull
   158 | D        | Killed a flying skull
   159 | D        | Reached skill level 10 in Stealth
   159 | D        | Reached XP level 6. HP: 26/47 MP: 5/8
   165 | D        | Killed Blork the orc
   165 | D        | Reached * piety under Okawaru
   317 | D        | Reached XP level 7. HP: 51/54 MP: 8/10
   335 | D        | Reached skill level 11 in Stealth
   335 | D        | Noticed a troll
   344 | D        | Killed a troll
   345 | D        | Reached skill level 5 in Invocations
   391 | D        | Noticed a bog body
   422 | D        | Killed from afar by a bog body

Illustrated notes

Levels and vault maps discovered:
D:        pitsprint [storerooms_1, entrance_room_1, metal_vault_3, armoury_3,
          mini_pit_1, grid_room_1, main_hall_1, silver_pit, the_coven_1,
          the_vestibule_1, steel_vault_3, golden_pit, hallway_of_sentries,
          crystal_vault_2, iron_vault_5, final_vault]

Skill      XL: |  1  2  3  4  5  6  7 |
---------------+----------------------+-----
Fighting       | 4 6 7 8 |  8.1
Short Blades   | 4 6 7 |  7.8
Throwing       | 4 5 |  5.0
Dodging        | 3 4 6 7 |  7.5
Stealth        | 7 8 10 11 | 11.9
Invocations    | 3 4 5 |  5.8

Action                     |  1- 3 |  4- 6 |  7- 9 || total
---------------------------+-------+-------+-------++-------
  Melee: Dagger            |     1 |    41 |    18 ||    60
         Tentacles         |       |    11 |     4 ||    15
         Constrict         |       |     8 |     1 ||     9
         Punch             |       |     3 |       ||     3
  Throw: Dart              |       |       |     1 ||     1
    Use: Potion            |       |     4 |     3 ||     7
   Stab: Sleeping          |     1 |     6 |     5 ||    12
 Armour: Skin              |       |       |     1 ||     1
  Dodge: Dodged            |       |    18 |    17 ||    35

Table legend: (Time is in decaauts)
 A = Elapsed time spent in this place.
 B = Non-inter-level travel time spent in this place.
 C = Inter-level travel time spent in this place.
 D = Time resting spent in this place.
 E = Time spent auto-exploring this place.
 F = Levels seen in this place.
 G = Mean time per level.
                   A        B        C        D        E       F      G
               +--------+--------+--------+--------+--------+-----+--------+
         Total |    410 |    410 |      0 |    152 |      0 |   1 |  410.0 |
       Dungeon |    410 |    410 |      0 |    152 |      0 |   1 |  410.0 |
               +--------+--------+--------+--------+--------+-----+--------+

Top non-repeatable levels by time:
       D: 410 daAuts
